Workbook

Sheet 予算
A1: IT予算(【2026】年度)
A2: 1行に1つの支払いです。年合計・実績の累計・差額・消化率は式なので、書き込まないでください。
A3: 予算番号 | B3: 費目 | C3: 内容 | D3: ベンダー | E3: 維持・新規 | F3: 支払いの形 | G3: 払う月 | H3: 金額(1回分) | I3: 年合計 | J3: 実績の累計 | K3: 差額 | L3: 消化率 | M3: メモ
A4: B-01 | B4: ソフト・クラウド | C4: グループウェア(40人分) | D4: ベンダーA | E4: 維持 | F4: 毎月 | H4: 76000 | I4: =IF(H4="","",IF(F4="毎月",H4*12,H4)) | J4: =IF(A4="","",SUMIFS('実績'!$F:$F,'実績'!$C:$C,A4)) | K4: =IF(I4="","",I4-J4) | L4: =IF(OR(I4="",I4=0),"",ROUND(J4/I4*100,0)&"%") | M4: 4月に人数を見直す
A5: B-02 | B5: PC・機器 | C5: PCの入れ替え(4年たった8台) | D5: ベンダーB | E5: 新規 | F5: 一度だけ | G5: 7 | H5: 1360000 | I5: =IF(H5="","",IF(F5="毎月",H5*12,H5)) | J5: =IF(A5="","",SUMIFS('実績'!$F:$F,'実績'!$C:$C,A5)) | K5: =IF(I5="","",I5-J5) | L5: =IF(OR(I5="",I5=0),"",ROUND(J5/I5*100,0)&"%") | M5: メモリの値上がりで高くなるおそれ
A6: B-03 | B6: 通信・回線 | C6: 光回線と固定IP | D6: ベンダーC | E6: 維持 | F6: 毎月 | H6: 8800 | I6: =IF(H6="","",IF(F6="毎月",H6*12,H6)) | J6: =IF(A6="","",SUMIFS('実績'!$F:$F,'実績'!$C:$C,A6)) | K6: =IF(I6="","",I6-J6) | L6: =IF(OR(I6="",I6=0),"",ROUND(J6/I6*100,0)&"%")
A7: B-04 | B7: セキュリティ | C7: EDR(45台・年契約) | D7: ベンダーD | E7: 維持 | F7: 年1回 | G7: 10 | H7: 405000 | I7: =IF(H7="","",IF(F7="毎月",H7*12,H7)) | J7: =IF(A7="","",SUMIFS('実績'!$F:$F,'実績'!$C:$C,A7)) | K7: =IF(I7="","",I7-J7) | L7: =IF(OR(I7="",I7=0),"",ROUND(J7/I7*100,0)&"%") | M7: 10月に更新
A8: B-05 | B8: 保守・外部委託 | C8: 複合機の保守 | D8: ベンダーE | E8: 維持 | F8: 毎月 | H8: 15400 | I8: =IF(H8="","",IF(F8="毎月",H8*12,H8)) | J8: =IF(A8="","",SUMIFS('実績'!$F:$F,'実績'!$C:$C,A8)) | K8: =IF(I8="","",I8-J8) | L8: =IF(OR(I8="",I8=0),"",ROUND(J8/I8*100,0)&"%")
I9: =IF(H9="","",IF(F9="毎月",H9*12,H9)) | J9: =IF(A9="","",SUMIFS('実績'!$F:$F,'実績'!$C:$C,A9)) | K9: =IF(I9="","",I9-J9) | L9: =IF(OR(I9="",I9=0),"",ROUND(J9/I9*100,0)&"%")
I10: =IF(H10="","",IF(F10="毎月",H10*12,H10)) | J10: =IF(A10="","",SUMIFS('実績'!$F:$F,'実績'!$C:$C,A10)) | K10: =IF(I10="","",I10-J10) | L10: =IF(OR(I10="",I10=0),"",ROUND(J10/I10*100,0)&"%")
I11: =IF(H11="","",IF(F11="毎月",H11*12,H11)) | J11: =IF(A11="","",SUMIFS('実績'!$F:$F,'実績'!$C:$C,A11)) | K11: =IF(I11="","",I11-J11) | L11: =IF(OR(I11="",I11=0),"",ROUND(J11/I11*100,0)&"%")
I12: =IF(H12="","",IF(F12="毎月",H12*12,H12)) | J12: =IF(A12="","",SUMIFS('実績'!$F:$F,'実績'!$C:$C,A12)) | K12: =IF(I12="","",I12-J12) | L12: =IF(OR(I12="",I12=0),"",ROUND(J12/I12*100,0)&"%")
I13: =IF(H13="","",IF(F13="毎月",H13*12,H13)) | J13: =IF(A13="","",SUMIFS('実績'!$F:$F,'実績'!$C:$C,A13)) | K13: =IF(I13="","",I13-J13) | L13: =IF(OR(I13="",I13=0),"",ROUND(J13/I13*100,0)&"%")
I14: =IF(H14="","",IF(F14="毎月",H14*12,H14)) | J14: =IF(A14="","",SUMIFS('実績'!$F:$F,'実績'!$C:$C,A14)) | K14: =IF(I14="","",I14-J14) | L14: =IF(OR(I14="",I14=0),"",ROUND(J14/I14*100,0)&"%")
I15: =IF(H15="","",IF(F15="毎月",H15*12,H15)) | J15: =IF(A15="","",SUMIFS('実績'!$F:$F,'実績'!$C:$C,A15)) | K15: =IF(I15="","",I15-J15) | L15: =IF(OR(I15="",I15=0),"",ROUND(J15/I15*100,0)&"%")
I16: =IF(H16="","",IF(F16="毎月",H16*12,H16)) | J16: =IF(A16="","",SUMIFS('実績'!$F:$F,'実績'!$C:$C,A16)) | K16: =IF(I16="","",I16-J16) | L16: =IF(OR(I16="",I16=0),"",ROUND(J16/I16*100,0)&"%")
I17: =IF(H17="","",IF(F17="毎月",H17*12,H17)) | J17: =IF(A17="","",SUMIFS('実績'!$F:$F,'実績'!$C:$C,A17)) | K17: =IF(I17="","",I17-J17) | L17: =IF(OR(I17="",I17=0),"",ROUND(J17/I17*100,0)&"%")
I18: =IF(H18="","",IF(F18="毎月",H18*12,H18)) | J18: =IF(A18="","",SUMIFS('実績'!$F:$F,'実績'!$C:$C,A18)) | K18: =IF(I18="","",I18-J18) | L18: =IF(OR(I18="",I18=0),"",ROUND(J18/I18*100,0)&"%")
I19: =IF(H19="","",IF(F19="毎月",H19*12,H19)) | J19: =IF(A19="","",SUMIFS('実績'!$F:$F,'実績'!$C:$C,A19)) | K19: =IF(I19="","",I19-J19) | L19: =IF(OR(I19="",I19=0),"",ROUND(J19/I19*100,0)&"%")
I20: =IF(H20="","",IF(F20="毎月",H20*12,H20)) | J20: =IF(A20="","",SUMIFS('実績'!$F:$F,'実績'!$C:$C,A20)) | K20: =IF(I20="","",I20-J20) | L20: =IF(OR(I20="",I20=0),"",ROUND(J20/I20*100,0)&"%")
... I58: =IF(H58="","",IF(F58="毎月",H58*12,H58)) | J58: =IF(A58="","",SUMIFS('実績'!$F:$F,'実績'!$C:$C,A58)) | K58: =IF(I58="","",I58-J58) | L58: =IF(OR(I58="",I58=0),"",ROUND(J58/I58*100,0)&"%")
A59: 合計 | I59: =SUM(I4:I58) | J59: =SUM(J4:J58) | K59: =SUM(K4:K58)

Sheet 実績
A1: 実績(支払いの記録)
A2: 請求書やカードの明細が来たら1行足します。予算番号を入れると費目が自動で入ります。予算にない支払いは予算番号を空けます。
A3: 支払日 | B3: 月 | C3: 予算番号 | D3: 費目 | E3: 支払先・内容 | F3: 金額(税込) | G3: 支払い方法 | H3: メモ(請求書番号など)
A4: 46142 | B4: =IF(A4="","",MONTH(A4)) | C4: B-01 | D4: =IF(A4="","",IF(C4="","予算外",IFERROR(INDEX('予算'!$B:$B,MATCH(C4,'予算'!$A:$A,0)),"番号を確認"))) | E4: ベンダーA グループウェア 4月分 | F4: 76000 | G4: 口座振替
A5: 46173 | B5: =IF(A5="","",MONTH(A5)) | C5: B-01 | D5: =IF(A5="","",IF(C5="","予算外",IFERROR(INDEX('予算'!$B:$B,MATCH(C5,'予算'!$A:$A,0)),"番号を確認"))) | E5: ベンダーA グループウェア 5月分 | F5: 76000 | G5: 口座振替
A6: 46218 | B6: =IF(A6="","",MONTH(A6)) | C6: B-02 | D6: =IF(A6="","",IF(C6="","予算外",IFERROR(INDEX('予算'!$B:$B,MATCH(C6,'予算'!$A:$A,0)),"番号を確認"))) | E6: ベンダーB PC 8台 | F6: 1408000 | G6: 請求書払い | H6: 予算より48,000円高い
A7: 46254 | B7: =IF(A7="","",MONTH(A7)) | D7: =IF(A7="","",IF(C7="","予算外",IFERROR(INDEX('予算'!$B:$B,MATCH(C7,'予算'!$A:$A,0)),"番号を確認"))) | E7: Web会議用のカメラ 2台 | F7: 19800 | G7: 法人カード | H7: 会議室を増やしたため急ぎで購入
B8: =IF(A8="","",MONTH(A8)) | D8: =IF(A8="","",IF(C8="","予算外",IFERROR(INDEX('予算'!$B:$B,MATCH(C8,'予算'!$A:$A,0)),"番号を確認")))
B9: =IF(A9="","",MONTH(A9)) | D9: =IF(A9="","",IF(C9="","予算外",IFERROR(INDEX('予算'!$B:$B,MATCH(C9,'予算'!$A:$A,0)),"番号を確認")))
B10: =IF(A10="","",MONTH(A10)) | D10: =IF(A10="","",IF(C10="","予算外",IFERROR(INDEX('予算'!$B:$B,MATCH(C10,'予算'!$A:$A,0)),"番号を確認")))
B11: =IF(A11="","",MONTH(A11)) | D11: =IF(A11="","",IF(C11="","予算外",IFERROR(INDEX('予算'!$B:$B,MATCH(C11,'予算'!$A:$A,0)),"番号を確認")))
B12: =IF(A12="","",MONTH(A12)) | D12: =IF(A12="","",IF(C12="","予算外",IFERROR(INDEX('予算'!$B:$B,MATCH(C12,'予算'!$A:$A,0)),"番号を確認")))
B13: =IF(A13="","",MONTH(A13)) | D13: =IF(A13="","",IF(C13="","予算外",IFERROR(INDEX('予算'!$B:$B,MATCH(C13,'予算'!$A:$A,0)),"番号を確認")))
B14: =IF(A14="","",MONTH(A14)) | D14: =IF(A14="","",IF(C14="","予算外",IFERROR(INDEX('予算'!$B:$B,MATCH(C14,'予算'!$A:$A,0)),"番号を確認")))
B15: =IF(A15="","",MONTH(A15)) | D15: =IF(A15="","",IF(C15="","予算外",IFERROR(INDEX('予算'!$B:$B,MATCH(C15,'予算'!$A:$A,0)),"番号を確認")))
B16: =IF(A16="","",MONTH(A16)) | D16: =IF(A16="","",IF(C16="","予算外",IFERROR(INDEX('予算'!$B:$B,MATCH(C16,'予算'!$A:$A,0)),"番号を確認")))
B17: =IF(A17="","",MONTH(A17)) | D17: =IF(A17="","",IF(C17="","予算外",IFERROR(INDEX('予算'!$B:$B,MATCH(C17,'予算'!$A:$A,0)),"番号を確認")))
B18: =IF(A18="","",MONTH(A18)) | D18: =IF(A18="","",IF(C18="","予算外",IFERROR(INDEX('予算'!$B:$B,MATCH(C18,'予算'!$A:$A,0)),"番号を確認")))
B19: =IF(A19="","",MONTH(A19)) | D19: =IF(A19="","",IF(C19="","予算外",IFERROR(INDEX('予算'!$B:$B,MATCH(C19,'予算'!$A:$A,0)),"番号を確認")))
... B157: =IF(A157="","",MONTH(A157)) | D157: =IF(A157="","",IF(C157="","予算外",IFERROR(INDEX('予算'!$B:$B,MATCH(C157,'予算'!$A:$A,0)),"番号を確認")))
A158: 合計 | F158: =SUM(F4:F157)

Sheet 月別の予実
A1: 月別の予算と実績
A2: 月の列は年度の始まりの月から並べます。4月始まりでない会社は、月の数字を書き換えます。
A3: 月 | B3: 予算 | C3: 実績 | D3: 差額 | E3: 消化率 | F3: 判定 | G3: メモ
A4: 4 | B4: =IF(A4="","",SUMIFS('予算'!$H:$H,'予算'!$F:$F,"毎月")+SUMIFS('予算'!$H:$H,'予算'!$F:$F,"<>毎月",'予算'!$G:$G,A4)) | C4: =IF(A4="","",SUMIFS('実績'!$F:$F,'実績'!$B:$B,A4)) | D4: =IF(A4="","",B4-C4) | E4: =IF(OR(A4="",B4=0),"",ROUND(C4/B4*100,0)&"%") | F4: =IF(OR(A4="",C4=0),"",IF(C4>B4,"★予算超え",""))
A5: 5 | B5: =IF(A5="","",SUMIFS('予算'!$H:$H,'予算'!$F:$F,"毎月")+SUMIFS('予算'!$H:$H,'予算'!$F:$F,"<>毎月",'予算'!$G:$G,A5)) | C5: =IF(A5="","",SUMIFS('実績'!$F:$F,'実績'!$B:$B,A5)) | D5: =IF(A5="","",B5-C5) | E5: =IF(OR(A5="",B5=0),"",ROUND(C5/B5*100,0)&"%") | F5: =IF(OR(A5="",C5=0),"",IF(C5>B5,"★予算超え",""))
A6: 6 | B6: =IF(A6="","",SUMIFS('予算'!$H:$H,'予算'!$F:$F,"毎月")+SUMIFS('予算'!$H:$H,'予算'!$F:$F,"<>毎月",'予算'!$G:$G,A6)) | C6: =IF(A6="","",SUMIFS('実績'!$F:$F,'実績'!$B:$B,A6)) | D6: =IF(A6="","",B6-C6) | E6: =IF(OR(A6="",B6=0),"",ROUND(C6/B6*100,0)&"%") | F6: =IF(OR(A6="",C6=0),"",IF(C6>B6,"★予算超え",""))
A7: 7 | B7: =IF(A7="","",SUMIFS('予算'!$H:$H,'予算'!$F:$F,"毎月")+SUMIFS('予算'!$H:$H,'予算'!$F:$F,"<>毎月",'予算'!$G:$G,A7)) | C7: =IF(A7="","",SUMIFS('実績'!$F:$F,'実績'!$B:$B,A7)) | D7: =IF(A7="","",B7-C7) | E7: =IF(OR(A7="",B7=0),"",ROUND(C7/B7*100,0)&"%") | F7: =IF(OR(A7="",C7=0),"",IF(C7>B7,"★予算超え","")) | G7: PC 8台の入れ替え
A8: 8 | B8: =IF(A8="","",SUMIFS('予算'!$H:$H,'予算'!$F:$F,"毎月")+SUMIFS('予算'!$H:$H,'予算'!$F:$F,"<>毎月",'予算'!$G:$G,A8)) | C8: =IF(A8="","",SUMIFS('実績'!$F:$F,'実績'!$B:$B,A8)) | D8: =IF(A8="","",B8-C8) | E8: =IF(OR(A8="",B8=0),"",ROUND(C8/B8*100,0)&"%") | F8: =IF(OR(A8="",C8=0),"",IF(C8>B8,"★予算超え","")) | G8: 会議室用のカメラを予算外で購入
A9: 9 | B9: =IF(A9="","",SUMIFS('予算'!$H:$H,'予算'!$F:$F,"毎月")+SUMIFS('予算'!$H:$H,'予算'!$F:$F,"<>毎月",'予算'!$G:$G,A9)) | C9: =IF(A9="","",SUMIFS('実績'!$F:$F,'実績'!$B:$B,A9)) | D9: =IF(A9="","",B9-C9) | E9: =IF(OR(A9="",B9=0),"",ROUND(C9/B9*100,0)&"%") | F9: =IF(OR(A9="",C9=0),"",IF(C9>B9,"★予算超え",""))
A10: 10 | B10: =IF(A10="","",SUMIFS('予算'!$H:$H,'予算'!$F:$F,"毎月")+SUMIFS('予算'!$H:$H,'予算'!$F:$F,"<>毎月",'予算'!$G:$G,A10)) | C10: =IF(A10="","",SUMIFS('実績'!$F:$F,'実績'!$B:$B,A10)) | D10: =IF(A10="","",B10-C10) | E10: =IF(OR(A10="",B10=0),"",ROUND(C10/B10*100,0)&"%") | F10: =IF(OR(A10="",C10=0),"",IF(C10>B10,"★予算超え","")) | G10: EDRの更新
A11: 11 | B11: =IF(A11="","",SUMIFS('予算'!$H:$H,'予算'!$F:$F,"毎月")+SUMIFS('予算'!$H:$H,'予算'!$F:$F,"<>毎月",'予算'!$G:$G,A11)) | C11: =IF(A11="","",SUMIFS('実績'!$F:$F,'実績'!$B:$B,A11)) | D11: =IF(A11="","",B11-C11) | E11: =IF(OR(A11="",B11=0),"",ROUND(C11/B11*100,0)&"%") | F11: =IF(OR(A11="",C11=0),"",IF(C11>B11,"★予算超え",""))
A12: 12 | B12: =IF(A12="","",SUMIFS('予算'!$H:$H,'予算'!$F:$F,"毎月")+SUMIFS('予算'!$H:$H,'予算'!$F:$F,"<>毎月",'予算'!$G:$G,A12)) | C12: =IF(A12="","",SUMIFS('実績'!$F:$F,'実績'!$B:$B,A12)) | D12: =IF(A12="","",B12-C12) | E12: =IF(OR(A12="",B12=0),"",ROUND(C12/B12*100,0)&"%") | F12: =IF(OR(A12="",C12=0),"",IF(C12>B12,"★予算超え",""))
A13: 1 | B13: =IF(A13="","",SUMIFS('予算'!$H:$H,'予算'!$F:$F,"毎月")+SUMIFS('予算'!$H:$H,'予算'!$F:$F,"<>毎月",'予算'!$G:$G,A13)) | C13: =IF(A13="","",SUMIFS('実績'!$F:$F,'実績'!$B:$B,A13)) | D13: =IF(A13="","",B13-C13) | E13: =IF(OR(A13="",B13=0),"",ROUND(C13/B13*100,0)&"%") | F13: =IF(OR(A13="",C13=0),"",IF(C13>B13,"★予算超え",""))
A14: 2 | B14: =IF(A14="","",SUMIFS('予算'!$H:$H,'予算'!$F:$F,"毎月")+SUMIFS('予算'!$H:$H,'予算'!$F:$F,"<>毎月",'予算'!$G:$G,A14)) | C14: =IF(A14="","",SUMIFS('実績'!$F:$F,'実績'!$B:$B,A14)) | D14: =IF(A14="","",B14-C14) | E14: =IF(OR(A14="",B14=0),"",ROUND(C14/B14*100,0)&"%") | F14: =IF(OR(A14="",C14=0),"",IF(C14>B14,"★予算超え",""))
A15: 3 | B15: =IF(A15="","",SUMIFS('予算'!$H:$H,'予算'!$F:$F,"毎月")+SUMIFS('予算'!$H:$H,'予算'!$F:$F,"<>毎月",'予算'!$G:$G,A15)) | C15: =IF(A15="","",SUMIFS('実績'!$F:$F,'実績'!$B:$B,A15)) | D15: =IF(A15="","",B15-C15) | E15: =IF(OR(A15="",B15=0),"",ROUND(C15/B15*100,0)&"%") | F15: =IF(OR(A15="",C15=0),"",IF(C15>B15,"★予算超え",""))
A16: 合計 | B16: =SUM(B4:B15) | C16: =SUM(C4:C15) | D16: =SUM(D4:D15)

Sheet 費目別の予実
A1: 費目別の予算と実績
A2: 費目ごとの1年分です。「予算外」は、予算番号を付けずに払ったものの合計です。
A3: 費目 | B3: 年間の予算 | C3: 実績 | D3: 差額 | E3: 消化率 | F3: 予算の構成比
A4: PC・機器 | B4: =IF(A4="","",SUMIFS('予算'!$I:$I,'予算'!$B:$B,A4)) | C4: =IF(A4="","",SUMIFS('実績'!$F:$F,'実績'!$D:$D,A4)) | D4: =IF(A4="","",B4-C4) | E4: =IF(OR(A4="",B4=0),"",ROUND(C4/B4*100,0)&"%") | F4: =IF(OR(A4="",SUMIFS('予算'!$I:$I,'予算'!$B:$B,"?*")=0),"",ROUND(B4/SUMIFS('予算'!$I:$I,'予算'!$B:$B,"?*")*100,0)&"%")
A5: ソフト・クラウド | B5: =IF(A5="","",SUMIFS('予算'!$I:$I,'予算'!$B:$B,A5)) | C5: =IF(A5="","",SUMIFS('実績'!$F:$F,'実績'!$D:$D,A5)) | D5: =IF(A5="","",B5-C5) | E5: =IF(OR(A5="",B5=0),"",ROUND(C5/B5*100,0)&"%") | F5: =IF(OR(A5="",SUMIFS('予算'!$I:$I,'予算'!$B:$B,"?*")=0),"",ROUND(B5/SUMIFS('予算'!$I:$I,'予算'!$B:$B,"?*")*100,0)&"%")
A6: 通信・回線 | B6: =IF(A6="","",SUMIFS('予算'!$I:$I,'予算'!$B:$B,A6)) | C6: =IF(A6="","",SUMIFS('実績'!$F:$F,'実績'!$D:$D,A6)) | D6: =IF(A6="","",B6-C6) | E6: =IF(OR(A6="",B6=0),"",ROUND(C6/B6*100,0)&"%") | F6: =IF(OR(A6="",SUMIFS('予算'!$I:$I,'予算'!$B:$B,"?*")=0),"",ROUND(B6/SUMIFS('予算'!$I:$I,'予算'!$B:$B,"?*")*100,0)&"%")
A7: サーバー・クラウド基盤 | B7: =IF(A7="","",SUMIFS('予算'!$I:$I,'予算'!$B:$B,A7)) | C7: =IF(A7="","",SUMIFS('実績'!$F:$F,'実績'!$D:$D,A7)) | D7: =IF(A7="","",B7-C7) | E7: =IF(OR(A7="",B7=0),"",ROUND(C7/B7*100,0)&"%") | F7: =IF(OR(A7="",SUMIFS('予算'!$I:$I,'予算'!$B:$B,"?*")=0),"",ROUND(B7/SUMIFS('予算'!$I:$I,'予算'!$B:$B,"?*")*100,0)&"%")
A8: 保守・外部委託 | B8: =IF(A8="","",SUMIFS('予算'!$I:$I,'予算'!$B:$B,A8)) | C8: =IF(A8="","",SUMIFS('実績'!$F:$F,'実績'!$D:$D,A8)) | D8: =IF(A8="","",B8-C8) | E8: =IF(OR(A8="",B8=0),"",ROUND(C8/B8*100,0)&"%") | F8: =IF(OR(A8="",SUMIFS('予算'!$I:$I,'予算'!$B:$B,"?*")=0),"",ROUND(B8/SUMIFS('予算'!$I:$I,'予算'!$B:$B,"?*")*100,0)&"%")
A9: セキュリティ | B9: =IF(A9="","",SUMIFS('予算'!$I:$I,'予算'!$B:$B,A9)) | C9: =IF(A9="","",SUMIFS('実績'!$F:$F,'実績'!$D:$D,A9)) | D9: =IF(A9="","",B9-C9) | E9: =IF(OR(A9="",B9=0),"",ROUND(C9/B9*100,0)&"%") | F9: =IF(OR(A9="",SUMIFS('予算'!$I:$I,'予算'!$B:$B,"?*")=0),"",ROUND(B9/SUMIFS('予算'!$I:$I,'予算'!$B:$B,"?*")*100,0)&"%")
A10: 教育・その他 | B10: =IF(A10="","",SUMIFS('予算'!$I:$I,'予算'!$B:$B,A10)) | C10: =IF(A10="","",SUMIFS('実績'!$F:$F,'実績'!$D:$D,A10)) | D10: =IF(A10="","",B10-C10) | E10: =IF(OR(A10="",B10=0),"",ROUND(C10/B10*100,0)&"%") | F10: =IF(OR(A10="",SUMIFS('予算'!$I:$I,'予算'!$B:$B,"?*")=0),"",ROUND(B10/SUMIFS('予算'!$I:$I,'予算'!$B:$B,"?*")*100,0)&"%")
A11: 予算外 | B11: =IF(A11="","",SUMIFS('予算'!$I:$I,'予算'!$B:$B,A11)) | C11: =IF(A11="","",SUMIFS('実績'!$F:$F,'実績'!$D:$D,A11)) | D11: =IF(A11="","",B11-C11) | E11: =IF(OR(A11="",B11=0),"",ROUND(C11/B11*100,0)&"%") | F11: =IF(OR(A11="",SUMIFS('予算'!$I:$I,'予算'!$B:$B,"?*")=0),"",ROUND(B11/SUMIFS('予算'!$I:$I,'予算'!$B:$B,"?*")*100,0)&"%")
A12: 合計 | B12: =SUM(B4:B11) | C12: =SUM(C4:C11) | D12: =SUM(D4:D11)

Sheet 使い方
B1: 使い方
B3: このファイルは「予算」「実績」「月別の予実」「費目別の予実」「使い方」の5枚でできています。書き込むのは「予算」と「実績」の2枚だけで、ほかは自動で計算されます。
B4: 1年度で1ファイルにします。月別の予実は月の数字で集計するので、2年分の支払いを同じファイルに入れると、同じ月が重なって数えられます。
B5: 予算は1行に1つの支払いです。予算番号(B-01など)は1行ごとに違う番号にし、途中で変えません。
B6: 支払いの形が「毎月」の行は、1か月分の金額を入れ、払う月は空けます。「年1回」「一度だけ」の行は、払う月(1〜12)と金額を入れます。半年ごとなどの支払いは、行を2つに分けます。
B7: 維持・新規は、毎年かかる費用(ライセンス・回線・保守)か、今年だけの費用(入れ替え・導入)かの区別です。来年度の予算づくりで、維持の分だけ先に積み上げられます。
B8: 実績は、請求書やカードの明細が来るたびに1行足します。予算番号を入れると費目が自動で入ります。番号が予算にないと「番号を確認」と出ます。
B9: 予算外の支払いは予算番号を空けます。費目別の予実で「予算外」として合計されるので、年度の途中で予算の行を足すかを決めます。
B10: PCは税法上の耐用年数が4年(サーバー用は5年)です。IT資産管理台帳の経過年数を見て、入れ替えの台数と時期を予算に入れます。
B11: 金額は税込みでそろえます。税抜きでそろえる会社は、予算と実績の両方を税抜きにします。
B12: ライセンスの値上げや為替で、年度の途中に月額が変わることがあります。変わった月から行を分け、メモに理由を書きます。
